 Dungeon Crawl Stone Soup version 0.19-a0-1821-g42c593c (webtiles) character file.

1701 Econoterrorist the Transmogrifier (level 8, -7/59 HPs)
             Began as a Red Draconian Transmuter on Oct 6, 2016.
             Was a Believer of Sif Muna.
             Mangled by Econoterrorist's ghost (16 damage)
             ... on level 7 of the Dungeon.
             The game lasted 00:20:38 (6841 turns).

Econoterrorist the Transmogrifier (DrTm)            Turns: 6841, Time: 00:20:39

Health: -7/59      AC:  7    Str: 18    XL:     8   Next: 73%
Magic:  12/15      EV: 12    Int: 16    God:    Sif Muna [**....]
Gold:   208        SH:  0    Dex: 11    Spells: 3 memorised, 7 levels left

rFire  + . .     SeeInvis .       - Unarmed
rCold  . . .     Gourm    .     (armour unavailable)
rNeg   . . .     Faith    .     (shield currently unavailable)
rPois  .         Spirit   .     (helmet restricted)
rElec  .         Dismiss  .     v - +0 cloak
rCorr  .         Reflect  .     (gloves currently unavailable)
MR     .....     Harm     .     (no boots)
Stlth  +.........               n - amulet of regeneration
                                (no ring)
                                o - +5 ring of strength

@: blade hands
A: breathe fire, unfitting armour, fire resistance 1, cold-blooded, AC +6
a: Breathe Fire, End Transformation, Divine Energy, Renounce Religion


You were on level 7 of the Dungeon.
You worshipped Sif Muna.
Sif Muna was pleased with you.
You were very hungry.
You had blades for hands.
You visited 2 branches of the dungeon, and saw 8 of its levels.

You collected 208 gold pieces.

Inventory:

Missiles
 p - a throwing net (quivered)
Armour
 v - a +0 cloak (worn)
Jewellery
 a - a +3 amulet of reflection
 n - an amulet of regeneration (around neck)
 o - a +5 ring of strength (left scythe-like blade)
Wands
 x - a wand of acid (4/15)
Scrolls
 f - 4 scrolls of teleportation
 h - 2 scrolls of remove curse
 l - 5 scrolls of identify
 t - a scroll of blinking {unknown}
 u - a scroll of enchant armour {unknown}
 y - 2 scrolls of amnesia
 z - a scroll of immolation {unknown}
Potions
 d - a potion of degeneration {unknown}
 g - a potion of cure mutation {unknown}
 j - 4 potions of curing
 k - 2 potions of heal wounds
 m - 3 potions of haste {unknown}
 q - a potion of brilliance {unknown}
 r - a potion of cancellation {unknown}
 A - 2 potions of invisibility {unknown}
Books
 b - a book of Changes

   Spells                             Type                      Level
   a - Beastly Appendage              Transmutation                1
   b - Sticks to Snakes               Transmutation                2
   c - Spider Form                    Transmutation/Poison         3
   d - Ice Form                       Ice/Transmutation            4
   e - Blade Hands                    Transmutation                5
 e - a book of Flames

   Spells                             Type                      Level
   a - Flame Tongue                   Conjuration/Fire             1
   b - Throw Flame                    Conjuration/Fire             2
   c - Conjure Flame                  Conjuration/Fire             3
   d - Inner Flame                    Hexes/Fire                   3
   e - Sticky Flame                   Conjuration/Fire             4
   f - Fireball                       Conjuration/Fire             5
Comestibles
 c - 4 bread rations
 i - 2 meat rations
 B - a fruit


   Skills:
 - Level 1.1 Fighting
 - Level 1.7 Dodging
 - Level 5.0 Unarmed Combat
 + Level 4.7 Spellcasting
 - Level 9.0 Transmutations
 - Level 2.6 Poison Magic


You had 7 spell levels left.
You knew the following spells:

 Your Spells              Type           Power        Failure   Level  Hunger
a - Beastly Appendage     Tmut           ####..       12%         1    None
b - Spider Form           Tmut/Pois      ###.......   32%         3    ###....
c - Blade Hands           Tmut           ####......   50%         5    ######.


Dungeon Overview and Level Annotations

Branches:
Dungeon (7/15)             Temple (1/1) D:4

Altars:
Ashenzari
Cheibriados
Elyvilon
Makhleb
Sif Muna
Trog
Vehumet
Xom
Yredelemnul
Zin

Annotations:
D:7 Econoterrorist's ghost, novice MiBe


Innate Abilities, Weirdness & Mutations

You can breathe blasts of fire.
Your fiery red scales are hard. (AC +6)
You cannot fit into any form of body armour.
Your flesh is heat resistant. (rF+)
You are cold-blooded and may be slowed by cold attacks.


Message History

Econoterrorist's ghost hits you!
You hit Econoterrorist's ghost.
Econoterrorist's ghost is moderately damaged.
Econoterrorist's ghost hits you!!
* * * LOW HITPOINT WARNING * * *
You slash Econoterrorist's ghost!
Econoterrorist's ghost is heavily damaged.
Econoterrorist's ghost hits you.
* * * LOW HITPOINT WARNING * * *
There is an open door, spattered with blood here.
The crimson imp blinks!
You slash the crimson imp!
Your tail-slap misses the crimson imp.
The crimson imp is severely wounded.
The crimson imp barely misses you. Econoterrorist's ghost hits you.
* * * LOW HITPOINT WARNING * * *
You closely miss the crimson imp. Your slash misses the crimson imp.
The crimson imp is severely wounded.
The crimson imp hits you but does no damage.
Econoterrorist's ghost hits you!
You die...

#....>... #.....# ####'##
#.....# #.....#
#.....#######
#............
################'#.......
#......5@W.......#.......
##.###############.......
#..)))..# .......
#######.# ....... #.#
......% #.# .......
##'### #....# #....#


You could see Econoterrorist's ghost and a crimson imp.

Vanquished Creatures
  A hippogriff (D:7)
  Eustachio (D:5)
  An orc warrior (D:7)
  A phantom (D:6)
  A centaur (D:6)
  2 ogres
  Blork the orc (D:5)
  3 scorpions
  A howler monkey (D:6)
  A vampire bat (D:6)
  2 crimson imps
  A centaur skeleton (D:4)
  An orc priest (D:4)
  A gnoll shaman (D:4)
  Jessica (D:2)
  An iguana (D:4)
  4 orc wizards
  3 worker ants
  A worker ant zombie (D:5)
  11 gnolls
  5 adders
  A shadow imp (D:7)
  A dart slug (D:1)
  3 leopard geckos
  22 orcs
  2 giant cockroaches
  6 goblins
  7 hobgoblins
  4 jackals (D:1)
  4 quokkas
  A ball python (D:3)
  13 bats
  12 frilled lizards
  7 kobolds
  A leopard gecko skeleton (D:4)
  2 quokka skeletons
  9 rats
139 creatures vanquished.

Vanquished Creatures (others)
  An adder skeleton (D:7)
1 creature vanquished.

Grand Total: 140 creatures vanquished

Notes
Turn   | Place    | Note
-------+----------+-------------------------------------------
     0 | D:1      | Econoterrorist the Draconian Transmuter began the quest for the Orb.
     0 | D:1      | Reached XP level 1. HP: 16/16 MP: 3/3
   183 | D:1      | Reached XP level 2. HP: 15/23 MP: 5/5
  1035 | D:2      | Reached XP level 3. HP: 28/28 MP: 4/6
  1054 | D:2      | Learned a level 3 spell: Spider Form
  1169 | D:2      | Noticed Jessica
  1174 | D:2      | Killed Jessica
  1376 | D:2      | Found a shimmering altar of Xom.
  1376 | D:2      | Noticed an angel
  1379 | D:2      | Found a glowing silver altar of Zin.
  1411 | D:2      | Found a burning altar of Makhleb.
  1423 | D:2      | Reached skill level 5 in Unarmed Combat
  1423 | D:2      | Reached XP level 4. HP: 18/35 MP: 5/7
  2827 | D:3      | Reached skill level 1 in Poison Magic
  2865 | D:3      | Found a snail-covered altar of Cheibriados.
  2865 | D:3      | Found a bloodstained altar of Trog.
  2867 | D:3      | Found a basalt altar of Yredelemnul.
  2868 | D:3      | Found a white marble altar of Elyvilon.
  3500 | D:3      | Reached skill level 3 in Transmutations
  3500 | D:3      | Reached XP level 5. HP: 35/40 MP: 4/8
  3722 | D:4      | Noticed an ogre
  3730 | D:4      | Killed an ogre
  3790 | D:4      | Reached skill level 4 in Transmutations
  3790 | D:4      | Reached XP level 6. HP: 25/47 MP: 7/9
  4072 | D:4      | Found a staircase to the Ecumenical Temple.
  4303 | Temple   | Entered the Ecumenical Temple
  4323 | Temple   | Became a worshipper of Sif Muna the Loreminder
  5185 | D:5      | Entered Level 5 of the Dungeon
  5206 | D:5      | Reached skill level 5 in Transmutations
  5280 | D:5      | Your scales start taking on a fiery red colour.
  5280 | D:5      | Reached XP level 7. HP: 30/52 MP: 6/10
  5280 | D:5      | Gained mutation: Your flesh is heat resistant. (rF+) [Red Draconian growth]
  5511 | D:5      | Noticed Blork the orc
  5518 | D:5      | Noticed Eustachio
  5520 | D:5      | Killed Blork the orc
  5520 | D:5      | Reached * piety under Sif Muna
  5520 | D:5      | Reached skill level 6 in Transmutations
  5535 | D:5      | Killed Eustachio
  5642 | D:6      | Reached skill level 7 in Transmutations
  5702 | D:6      | Found a shimmering altar of Xom.
  5705 | D:6      | Found a shimmering altar of Xom.
  5706 | D:6      | Found a shimmering altar of Xom.
  5709 | D:6      | Found a shimmering altar of Xom.
  5885 | D:6      | Reached skill level 8 in Transmutations
  5888 | D:6      | Reached XP level 8. HP: 52/59 MP: 4/11
  5929 | D:6      | Learned a level 5 spell: Blade Hands
  6032 | D:6      | Reached ** piety under Sif Muna
  6468 | D:6      | Reached skill level 9 in Transmutations
  6580 | D:7      | Noticed a hippogriff
  6607 | D:7      | Killed a hippogriff
  6820 | D:7      | Noticed Econoterrorist's ghost (novice MiBe)
  6841 | D:7      | Mangled by Econoterrorist's ghost

Vault maps used:
D:1:      wheals_arrival_linesprint
D:2:      grunt_temple_overflow_order_and_chaos_1, overflow_temple_1_default,
          first_bread, uniq_jessica
D:3:      minitemple
D:5:      uniq_eustachio, uniq_blork_the_orc
D:6:      roderic_batcave, xom_redecorated
D:7:      basic_altar, lemuel_flamethrower_1
Temple:   dpeg_chambers_temple

Skill      XL: |  1  2  3  4  5  6  7  8 |
---------------+-------------------------+-----
Unarmed Combat | 4 5 |  5.0
Poison Magic   | 1 2 |  2.6
Transmutations | 3 4 5 8 9 |  9.0
Spellcasting   | 4 |  4.7
Fighting       | |  1.1
Dodging        | |  1.7

Action                   |  1- 3 |  4- 6 |  7- 9 || total
-------------------------+-------+-------+-------++-------
Melee: Unarmed           |   135 |   202 |   149 ||   486
       Kick              |     9 |    10 |       ||    19
       Tailslap          |     8 |    18 |    10 ||    36
       Headbutt          |     4 |     4 |       ||     8
       Punch             |     2 |     2 |     2 ||     6
 Cast: Beastly Appendage |    11 |    15 |     1 ||    27
       Spider Form       |       |     6 |    10 ||    16
       Blade Hands       |       |       |     2 ||     2
 Abil: Breathe Fire      |       |       |     7 ||     7
  Use: Scroll            |       |     7 |       ||     7
  Eat: Chunk             |     2 |     4 |     4 ||    10
       Bread ration      |       |     2 |       ||     2
       Pizza             |       |     1 |     1 ||     2
       Fruit             |       |       |     1 ||     1
Armor: Skin              |    25 |    41 |    34 ||   100
Dodge: Dodged            |    73 |   122 |   116 ||   311
Block: Other             |     3 |    18 |       ||    21
